 Dungeon Crawl Stone Soup version 0.28-a0-723-g095bd1b44f (webtiles) character file.

Game seed: 6735237026328531427

42 cheechan the Skirmisher (level 3, -3/34 HPs)
             Began as a Naga Chaos Knight on Oct 25, 2021.
             Was a Plaything of Xom.
             Slain by a kobold (4 damage)
             ... on level 2 of the Dungeon.
             The game lasted 00:04:32 (1348 turns).

cheechan the Skirmisher (Naga Chaos Knight)         Turns: 1348, Time: 00:04:33

Health: -3/34      AC:  5    Str: 15    XL:     3   Next: 54%
Magic:  3/3        EV:  9    Int: 12    God:    Xom [......]
Gold:   35         SH:  0    Dex: 10    Spells: 2/2 levels left

rFire   + . .      SeeInvis +   a - +0 hand axe (chaos)
rCold   . . .      Faith    .   (no shield)
rNeg    . . .      Spirit   .   b - +2 leather armour
rPois   +          Reflect  .   (no helmet)
rElec   .          Harm     .   g - +0 cloak
rCorr   .          Rampage  .   (no gloves)
Will    .....                   (no barding)
Stlth   +.........              (no amulet)
HPRegen 0.11/turn               i - ring of protection from fire
MPRegen 0.08/turn               (no ring)

@: very slow
A: AC +1, large, see invisible, deformed body, poison resistance, slowness 2,
spit poison 1, naga tail 1
a: Spit Poison, Renounce Religion


You were on level 2 of the Dungeon.
You worshipped Xom.
You were a very special plaything of Xom.
You visited 1 branch of the dungeon, and saw 2 of its levels.

You collected 35 gold pieces.

Inventory:

Hand Weapons
 a - a +0 hand axe of chaos (weapon)
 c - a +0 hunting sling
Missiles
 e - 38 bolts
 f - 30 sling bullets
 k - 3 javelins
Armour
 b - a +2 leather armour (worn)
 g - a +0 cloak (worn)
Jewellery
 i - a ring of protection from fire (left hand)
Scrolls
 d - 2 scrolls of identify {unknown}
Potions
 h - 2 potions of ambrosia {unknown}
 j - a potion of might {unknown}


   Skills:
 + Level 3.5 Fighting
 + Level 3.4 Axes
 + Level 2.1 Armour
 + Level 1.1 Dodging


You had 2 spell levels left.
You didn't know any spells.
Your spell library was empty.

Dungeon Overview and Level Annotations

Branches:
Dungeon (2/15)

Altars:


Innate Abilities, Weirdness & Mutations

Your serpentine skin is tough. (AC +1)
You have supernaturally acute eyesight. (SInv)
Armour fits poorly on your strangely shaped body.
Your system is resistant to poisons. (rPois)
You cover ground very slowly.
You can spit poison.
You have a snake-like lower body.


Message History

There is a stone staircase leading down here.
You climb downwards.
The ball python hisses angrily.
There is a stone staircase leading up here.
Abil: Spit Poison
Press: ? - help, Q - select action Shift-Dir - straight line, f - ball python
Aim: a ball python The splash of poison hits the ball python.
The ball python is poisoned.
You kill the ball python!
Found 3 javelins.
You have got your breath back.
You see here a ball python corpse.
You see here 3 javelins.
k - 3 javelins "You have grown too confident for your meagre worth."
Your body is wracked with pain!
Found 6 gold pieces.
Found a stone staircase leading down.
A kobold comes into view. It is wielding a +0 whip.
The kobold shouts!
The kobold barely misses you.
You barely miss the kobold. The kobold hits you but does no damage.
The kobold closely misses you. The kobold hits you but does no damage.
The kobold hits you with a +0 whip.
You closely miss the kobold. The kobold misses you.
You closely miss the kobold. The kobold hits you with a +0 whip.
You barely miss the kobold. The kobold hits you with a +0 whip.
You closely miss the kobold. The kobold hits you with a +0 whip.
You hit the kobold but do no damage. The kobold hits you with a +0 whip.
* * * LOW HITPOINT WARNING * * *
You hit the kobold.
The kobold seems to grow stronger.
The kobold is severely wounded.
You closely miss the kobold. The kobold barely misses you.
The kobold hits you with a +0 whip.
* * * LOW HITPOINT WARNING * * *
The kobold hits you with a +0 whip.
* * * LOW HITPOINT WARNING * * *
The kobold hits you with a +0 whip.
You die...

#. #. #.#######
#.......# #.......#
+..$....# #.......#
#..@....+
...###..KK...#
.............#
########.#.######
###.#......#.#.########
.....................>#
# #.#....#.#.######.#
##.#.#...<#.#.#
........†..#.#.#


You could see 2 kobolds.

Vanquished Creatures
  A dart slug (D:1)
  An orc (D:1)
  5 ball pythons
  3 bats (D:1)
  2 endoplasms (D:1)
  3 giant cockroaches (D:1)
  3 goblins (D:1)
  8 hobgoblins (D:1)
  A quokka (D:1)
  4 frilled lizards (D:1)
  2 kobolds (D:1)
  2 rats (D:1)
35 creatures vanquished.

Notes
Turn   | Place    | Note
-------+----------+-------------------------------------------
     0 | D:1      | cheechan the Naga Chaos Knight began the quest for the Orb.
     0 | D:1      | Reached XP level 1. HP: 21/21 MP: 1/1
   106 | D:1      | Reached XP level 2. HP: 10/28 MP: 2/2
   224 | D:1      | XOM: silly message
   344 | D:1      | XOM: divination: detect creatures
   349 | D:1      | XOM: cloud trail
   389 | D:1      | Paralysed by you for 2 turns
   515 | D:1      | Reached XP level 3. HP: 34/34 MP: 3/3
   605 | D:1      | XOM: silly message
   779 | D:1      | XOM: divination: magic mapping
   788 | D:1      | Found a faded altar of an unknown god.
   941 | D:1      | XOM: noise
   956 | D:1      | Reached skill level 1 in Dodging
  1006 | D:1      | XOM: smoke on damage
  1329 | D:2      | XOM: torment (18/34 hp)
  1348 | D:2      | HP: 1/34 [kobold (2)]
  1348 | D:2      | Slain by a kobold

Illustrated notes

Levels and vault maps discovered:
D:1:      wander_arrival_desolate, layout_basic,
          hellmonk_ecumenical_altar_run_dry, st_stairs_4, minmay_tromino_v4_a
D:2:      layout_basic, serial_shops, shop, basic_altar, uniq_terence

Skill      XL: |  1  2  3 |
---------------+----------+-----
Armour         | 2 |  2.1
Dodging        | 1 |  1.1
Fighting       | |  3.5
Axes           | |  3.4

Action                   || total
-------------------------++-------
Melee: Hand axe          ||    91
 Abil: Spit Poison       ||    11
 Stab: Paralysed         ||     4
Armor: Leather armour    ||    52
Dodge: Dodged            ||    61

Table legend: (Time is in decaauts)
 A = Elapsed time spent in this place.
 B = Non-inter-level travel time spent in this place.
 C = Inter-level travel time spent in this place.
 D = Time resting spent in this place.
 E = Time spent auto-exploring this place.
 F = Levels seen in this place.
 G = Mean time per level.
                   A        B        C        D        E       F      G
               +--------+--------+--------+--------+--------+-----+--------+
         Total |   1799 |   1799 |      0 |    105 |      0 |   2 |  899.5 |
       Dungeon |   1799 |   1799 |      0 |    105 |      0 |   2 |  899.5 |
               +--------+--------+--------+--------+--------+-----+--------+

Top non-repeatable levels by time:
     D:1: 1745 daAuts
     D:2: 54 daAuts
